 Dungeon Crawl Stone Soup version 0.31-a0-233-g139696dc86 (webtiles) character file.

Game seed: 2994765700935212532

436 qw the Shooter (level 7, -4/41 HPs)
             Began as a Gargoyle Hexslinger on July 7, 2023.
             Slain by a phantom (5 damage)
             ... on level 4 of the Dungeon.
             The game lasted 00:01:08 (2768 turns).

qw the Shooter (Gargoyle Hexslinger)                Turns: 2768, Time: 00:01:09

Health: -4/41      AC:  8    Str: 12    XL:     7   Next: 1%
Magic:  8/8        EV: 10    Int: 13    God:
Gold:   38         SH:  0    Dex: 14    Spells: 7/8 levels left

rFire   . . .        n - +0 shortbow
rCold   . . .        (shield currently unavailable)
rNeg    + . .        i - +0 ring mail
rPois   inf          (no helmet)
rElec   +            e - +0 cloak
rCorr   .            (no gloves)
SInv    .            l - +0 pair of boots
Will    .....        h - amulet of the acrobat
Stlth   +            (no ring)
HPRegen 0.26/turn    (no ring)
MPRegen 0.11/turn

%: acrobat
@: brilliant, corroded, attractive
A: sickness immunity, AC +4, negative energy resistance 1, electricity
resistance, torment resistance 1, petrification resistance
a: no special abilities


You were on level 4 of the Dungeon.
You visited 1 branch of the dungeon, and saw 5 of its levels.

You collected 168 gold pieces.
You spent 130 gold pieces at shops.


Innate Abilities, Weirdness & Mutations

You are immune to sickness and miasma.
Your stone body is resilient. (AC +4)
You are immune to poison.
You resist negative energy. (rN+)
You are resistant to electric shocks. (rElec)
You are resistant to unholy torment.
You are immune to petrification.


   Skills:
 + Level 3.2 Fighting
 - Level 6.0 Ranged Weapons
 - Level 2.6 Armour
 - Level 1.5 Dodging
 - Level 1.0 Spellcasting
 - Level 2.6 Hexes


You had 7 spell levels left.
You knew the following spells:

 Your Spells              Type           Power      Damage    Failure   Level
a - Slow                  Hex            44%        N/A       21%         1

Your spell library contained the following spells:

 Spells                   Type           Power      Damage    Failure   Level
 Inner Flame              Hex/Fire       6%         N/A       71%         3
 Portal Projectile        Hex/Tloc       12%        N/A       71%         3
 Cause Fear               Hex            5%         N/A       90%         4

Inventory:

Hand Weapons
 n - a +0 shortbow (weapon)
Armour
 e - a +0 cloak (worn)
 i - a +0 ring mail (worn)
 l - a +0 pair of boots (worn)
Jewellery
 h - an amulet of the acrobat (around neck)
Scrolls
 m - a scroll of identify
Potions
 a - a potion of enlightenment
 c - a potion of berserk rage {unknown}
 f - a potion of mutation {unknown}
 g - 2 potions of curing
 j - a potion of experience {unknown}
 k - a potion of heal wounds {unknown}

Dungeon Overview and Level Annotations

Branches:
Dungeon (5/15)
 Temple: D:4-7

Altars:
Makhleb

Shops:
D:2 *   D:4 !


Message History

Enter note:
Enter note: You shoot an arrow.
The arrow closely misses the phantom.
The jelly hits you but does no damage. The phantom barely misses you.
You shoot an arrow. The arrow closely misses the phantom.
The jelly barely misses you.
The phantom hits you but does no damage.
You shoot an arrow. The arrow misses the phantom.
The jelly hits you.
You are splashed with acid!
The phantom hits you.
You shoot an arrow. The arrow barely misses the phantom.
The jelly hits you but does no damage. The phantom hits you.
The phantom blinks!
You blink.
The jelly is attracted toward you.
You shoot an arrow. The arrow hits the phantom.
The phantom is heavily damaged.
The jelly hits you but does no damage.
The phantom hits you but does no damage.
The jelly hits you but does no damage.
The phantom hits you but does no damage.
You shoot an arrow. The arrow hits the phantom.
The phantom is severely damaged.
The jelly barely misses you. The phantom hits you.
The phantom blinks!
You blink.
The jelly is attracted toward you.
You shoot an arrow.
The arrow completely misses the phantom.
The phantom hits you.
The phantom blinks!
You blink.
The jelly is attracted toward you.
You shoot an arrow. The arrow misses the phantom.
The jelly hits you but does no damage. The phantom hits you.
The phantom blinks!
You blink.
The jelly is attracted toward you.
You shoot an arrow.
The arrow hits the phantom but does no damage.
The phantom is severely damaged.
The jelly barely misses you. The phantom barely misses you.
The jelly closely misses you.
The phantom hits you but does no damage.
You shoot an arrow. The arrow hits the phantom.
The phantom is severely damaged.
The jelly hits you. The acid corrodes you!
You are splashed with acid!
The phantom hits you.
You die...

#...###.......##.##....#....
###.......##....#.......##...
#......#..###.####.........#.
##....##...#.....#....).#..#.
###.........#..........##.#.
###....#####............#.
###...#####..............
##.###.#...>..............
#.ยค#....W@................
#>.......J................
##..........#####......###
###........# ###.......#
##.....#..## ##..)......#
##..#..##.#####...........
#...#####.#.#.#...........
#..######..........#......
##..##.............####...


You could see a phantom and a jelly.

Vanquished Creatures
  A centaur (D:4)
  A scorpion (D:3)
  3 hounds (D:4)
  An orc priest (D:4)
  2 iguanas (D:4)
  A sleepcap (D:4)
  3 adders
  A worm (D:4)
  3 dart slugs
  5 orcs
  6 ball pythons
  4 bats
  3 endoplasms
  2 giant cockroaches (D:1)
  8 goblins
  5 hobgoblins
  9 jackals
  4 kobolds
  3 quokkas
  4 frilled lizards
  2 rats
71 creatures vanquished.

Notes
Turn   | Place    | Note
-------+----------+-------------------------------------------
     0 | D:1      | qw the Gargoyle Hexslinger began the quest for the Orb.
     0 | D:1      | Reached XP level 1. HP: 12/12 MP: 2/2
     0 | D:1      | 0 ||| qw: Version: 0.3-a-46-gb1f654a
     0 | D:1      | 0 ||| qw: Game counter: 3328
     0 | D:1      | 0 ||| qw: Melee chars always use a shield: true
     0 | D:1      | 0 ||| qw: God list: Okawaru
     0 | D:1      | 0 ||| qw: Allow faded altars: false
     0 | D:1      | 0 ||| qw: Do Orc after clearing Dungeon:15 true
     0 | D:1      | 0 ||| qw: Do second Lair branch before Depths: true
     0 | D:1      | 0 ||| qw: Lair rune preference: random
     0 | D:1      | 0 ||| qw: Goals: Normal
     0 | D:1      | 0 ||| PLANNING D:1-11
    71 | D:1      | Reached XP level 2. HP: 15/16 MP: 3/3
   382 | D:1      | Reached skill level 3 in Ranged Weapons
   692 | D:1      | 692 ||| UPGRADING to +0 cloak.
   697 | D:1      | 697 ||| UPGRADING to amulet of the acrobat.
   702 | D:1      | 702 ||| DROPPING amulet of magic regeneration.
   703 | D:1      | 703 ||| READING scroll labelled YNEITW OHA UJUACKU.
   704 | D:1      | 704 ||| READING scroll labelled PYABE MELIF.
   705 | D:1      | 705 ||| DROPPING scroll of poison.
   794 | D:2      | Reached XP level 3. HP: 21/21 MP: 4/4
   940 | D:2      | Found a burning altar of Makhleb.
  1228 | D:2      | Found Zurofufy's General Store.
  1237 | D:2      | 1237 ||| BUYING +0 pair of boots (63 gold).
  1237 | D:2      | Bought a +0 pair of boots for 63 gold pieces
  1237 | D:2      | 1237 ||| SHOPLISTING +2 ring mail of poison resistance (252
                  | gold, have 57).
  1237 | D:2      | 1237 ||| BUYING scroll of identify (28 gold).
  1237 | D:2      | Bought a scroll of identify for 28 gold pieces
  1237 | D:2      | 1237 ||| SHOPLISTING wand of digging (6) (352 gold, have
                  | 29).
  1374 | D:2      | Reached XP level 4. HP: 24/26 MP: 5/5
  1505 | D:2      | 1505 ||| UPGRADING to +0 ring mail.
  1515 | D:2      | 1515 ||| DROPPING +0 robe.
  1516 | D:2      | 1516 ||| UPGRADING to +0 pair of boots.
  1521 | D:2      | 1521 ||| READING scroll labelled YGAIROLAPT.
  1522 | D:2      | 1522 ||| READING scroll labelled OFIFA FILE.
  1609 | D:3      | Noticed a scorpion
  1614 | D:3      | Killed a scorpion
  1618 | D:3      | Reached XP level 5. HP: 30/30 MP: 6/6
  1791 | D:3      | Reached skill level 4 in Ranged Weapons
  2092 | D:3      | 2092 ||| READING scroll labelled YGIPRI FO WIHO.
  2178 | D:4      | Reached skill level 5 in Ranged Weapons
  2178 | D:4      | Reached XP level 6. HP: 35/35 MP: 7/7
  2400 | D:4      | Reached skill level 3 in Fighting
  2420 | D:4      | Found Ciff's Distillery.
  2437 | D:4      | 2437 ||| BUYING potion of curing (39 gold).
  2437 | D:4      | Bought a potion of curing for 39 gold pieces
  2437 | D:4      | 2437 ||| SHOPLISTING potion of curing (39 gold, have 26).
  2437 | D:4      | 2437 ||| SHOPLISTING potion of enlightenment (65 gold, have
                  | 26).
  2437 | D:4      | 2437 ||| SHOPLISTING potion of might (52 gold, have 26).
  2540 | D:4      | 2540 ||| Stepping ~*~*~tactically~*~*~ (outnumbered).
  2554 | D:4      | Reached skill level 6 in Ranged Weapons
  2554 | D:4      | Reached XP level 7. HP: 36/41 MP: 8/8
  2573 | D:4      | 2573 ||| SWAPPING to +0 shortbow.
  2574 | D:4      | 2574 ||| DROPPING +1 sling of draining.
  2736 | D:4      | 2736 ||| DRINKING 2 brown potions.
  2737 | D:4      | 2737 ||| DRINKING 3 amethyst potions.
  2738 | D:4      | 2738 ||| READING 2 scrolls of identify.
  2738 | D:4      | 2738 ||| IDENTIFYING bubbling pink potion
  2739 | D:4      | 2739 ||| DROPPING potion of attraction.
  2740 | D:4      | 2740 ||| DROPPING 2 potions of brilliance.
  2751 | D:5      | Entered Level 5 of the Dungeon
  2757 | D:5      | 2757 ||| STAIRDANCE
  2766 | D:4      | HP: 10/41 [phantom (5)]
  2768 | D:4      | HP: 1/41 [acid (9)]
  2768 | D:4      | Slain by a phantom

Levels and vault maps discovered:
D:1:      lightli_iron_boxes, layout_basic, corner_web_ring,
          chequers_serial_rivers_small_3, minmay_misc_feat_tiny,
          minmay_box_of_dots
D:2:      layout_loops_ring, serial_shops, nicolae_shop_tiny_glass, basic_altar,
          nicolae_elevator_lobby_plus
D:3:      layout_loops_ring, reono_crystal_passage
D:4:      layout_cave_pools, serial_shops, nicolae_shop_industrial_runoff,
          grunt_ministairs_7
D:5:      layout_cave_pods, amethyst_overflow_temple_binary, serial_shops,
          nicolae_shop_tiny_real_fake_doors, minmay_tree_intersection,
          grunt_ministairs_11, minmay_increasing_density

Skill      XL: |  1  2  3  4  5  6 |
---------------+-------------------+-----
Ranged Weapons | 3 5 6 |  6.0
Fighting       | 2 3 |  3.2
Armour         | 2 |  2.6
Dodging        | |  1.5
Spellcasting   | |  1.0
Hexes          | |  2.6

Action                     |  1- 3 |  4- 6 |  7- 9 || total
---------------------------+-------+-------+-------++-------
   Fire: Sling             |   107 |   144 |       ||   251
         Shortbow          |       |       |    15 ||    15
    Use: Scroll            |     2 |     3 |     1 ||     6
         Potion            |       |       |     2 ||     2
 Armour: Robe              |    24 |       |       ||    24
         Ring mail         |       |    58 |    19 ||    77
  Dodge: Dodged            |    50 |    57 |     9 ||   116

Table legend:
 A = Non-vault XP
 B = Vault XP
 C = Vault XP percentage of total XP
 D = Non-vault monster count
 E = Vault monster count
 F = Vault count percentage of total count
                 A         B        C        D         E       F
            +---------+---------+-------+---------+---------+-------
      Total |     507 |     116 |  18.6 |      66 |       5 |   7.0
            +---------+---------+-------+---------+---------+-------
        D:1 |      27 |       5 |  15.6 |      16 |       3 |  15.8
        D:2 |      50 |       0 |   0.0 |      15 |       0 |   0.0
        D:3 |     105 |       0 |   0.0 |      13 |       0 |   0.0
        D:4 |     325 |     111 |  25.5 |      22 |       2 |   8.3
            +---------+---------+-------+---------+---------+-------
